AoeStats
← Nachomac

Arabia

509486626Analyzed
1v1 RM · 4d ago on Sep 26, 2026· 29m 50s· 2 players
Game mode
Random Map
Map size
Tiny (2 player)
Population
200
Speed
Normal
Resources
Standard
Victory
Conquest
Starting age
Dark Age
Ending age
Imperial Age
RankedLock teamsTeams togetherTeam positionsShared explorationLock speedFull tech treeHidden civsTurbo modeCheats
Victory
Defeat
🇦🇷 Britons · Argentina
1515
+16
🇨🇱 Byzantines · Chile
1525
-16
MochaHook90
5:07 Loom
9:33 Feudal Age
10:07 Double-Bit Axe
10:04 Horse Collar
14:45 Wheelbarrow
18:12 Castle Age
19:18 Bow Saw
19:19 Heavy Plow
19:38 Crossbowman
20:24 Fletching
21:31 Fervor
21:36 Bodkin Arrow
22:04 Gold Mining
25:14 Padded Archer Armor
27:20 Leather Archer Armor
27:30 Ballistics
32:14 Imperial Age
29:39 Town Watch
30:12 Hand Cart
Nachomac
6:06 Loom
9:17 Feudal Age
10:05 Double-Bit Axe
11:09 Horse Collar
15:53 Wheelbarrow
19:18 Castle Age
19:33 Fletching
20:16 Bow Saw
20:17 Heavy Plow
20:30 Bodkin Arrow
27:23 Scale Barding Armor
28:24 Chain Barding Armor
28:14 Forging
27:40 Elite Skirmisher
Connection lost

Rejoining the realm…

Still unreachable

The connection could not be restored.

Session expired

The server has moved on; the page needs a fresh start.